AoeStats
← Tiox

Black Forest

505062567Analyzed
2v2 RM · 24d ago on Sep 7, 2026· 73m 34s· 4 players
Game mode
Random Map
Map size
Medium (4 player)
Population
200
Speed
Normal
Resources
Standard
Victory
Conquest
Starting age
Dark Age
Ending age
Imperial Age
RankedLock teamsTeams togetherTeam positionsShared explorationLock speedFull tech treeHidden civsTurbo modeCheats
Victory
Defeat
🇩🇪 Persians · Germany
1156
+10
🇹🇷 Slavs · Türkiye
1108
+12
🇩🇰 Khmer · Denmark
1028
-11
🇩🇰 Bohemians · Denmark
1011
-11
1453sultan
0:51 Loom
13:28 Feudal Age
15:22 Wheelbarrow
18:49 Castle Age
16:55 Horse Collar
29:39 Scale Barding Armor
33:11 Chain Barding Armor
33:40 Fletching
33:51 Padded Archer Armor
34:35 Town Watch
35:41 Leather Archer Armor
35:21 Bodkin Arrow
35:47 Double-Bit Axe
36:35 Bodkin Arrow
37:08 Bow Saw
37:59 Fortified Wall
38:31 Ballistics
38:14 Elite Skirmisher
42:08 Imperial Age
40:37 Gold Mining
41:00 Heavy Plow
42:31 Forging
42:56 Husbandry
43:06 Bloodlines
42:17 Light Cavalry
43:52 Ring Archer Armor
44:35 Plate Barding Armor
44:53 Iron Casting
43:48 Capped Ram
45:27 Hussar
47:21 Siege Ram
51:08 Blast Furnace
51:29 Chemistry
50:43 Detinets
51:56 Two-Man Saw
53:02 Gold Shaft Mining
52:17 Stone Mining
52:59 Crop Rotation
53:15 Conscription
53:32 Hoardings
54:56 Scale Mail Armor
55:25 Onager
56:40 Chain Mail Armor
56:55 Siege Onager
58:45 Hand Cart
58:33 Town Patrol
59:09 Siege Engineers
60:18 Caravan
60:49 Coinage
64:19 Banking
65:31 Banking
68:47 Chain Mail Armor
68:11 Pikeman
68:51 Squires
68:55 Halberdier
Thorus
0:30 Loom
12:38 Feudal Age
19:12 Castle Age
17:23 Double-Bit Axe
19:57 Horse Collar
20:35 Bow Saw
20:59 Scale Barding Armor
24:27 Bloodlines
25:40 Wheelbarrow
25:10 Gold Mining
29:16 Gold Shaft Mining
32:56 Hand Cart
32:59 Stone Mining
34:10 Heavy Plow
37:38 Imperial Age
36:25 Stone Shaft Mining
38:00 Kamandaran
38:02 Elite War Elephant
40:04 Husbandry
40:26 Chain Barding Armor
39:47 Crossbowman
40:33 Thumb Ring
42:30 Ballistics
43:11 Chemistry
44:17 Fletching
45:01 Caravan
45:11 Bodkin Arrow
45:54 Plate Barding Armor
49:34 Conscription
50:02 Padded Archer Armor
50:13 Forging
61:06 Masonry
62:40 Iron Casting
Tiox
12:26 Feudal Age
16:21 Castle Age
14:13 Double-Bit Axe
14:44 Horse Collar
17:32 Bow Saw
24:26 Heavy Plow
25:54 Wheelbarrow
26:02 Town Watch
32:05 Imperial Age
29:04 Pikeman
29:57 Squires
30:02 Scale Mail Armor
30:12 Forging
33:19 Hand Cart
33:29 Ballistics
33:21 Loom
33:37 Town Patrol
34:58 Two-Man Saw
35:30 Conscription
34:49 Halberdier
36:07 Iron Casting
35:47 Chain Mail Armor
37:59 Blast Furnace
36:44 Sappers
38:22 Chemistry
37:28 Siege Engineers
37:05 Treadmill Crane
37:19 Fletching
38:25 Caravan
40:58 Houfnice
42:55 Masonry
42:41 Murder Holes
42:56 Fortified Wall
43:07 Bombard Tower
47:24 Arson
54:36 Plate Mail Armor
55:49 Bodkin Arrow
55:54 Padded Archer Armor
60:04 Fervor
59:54 Atonement
60:06 Redemption
60:16 Sanctity
59:56 Devotion
60:22 Illumination
63:32 Sanctity
63:17 Devotion
63:45 Illumination
64:03 Theocracy
63:27 Herbal Medicine
Ralle Stark
0:57 Loom
13:14 Feudal Age
16:44 Castle Age
16:24 Double-Bit Axe
17:30 Town Watch
20:03 Wheelbarrow
20:30 Bow Saw
23:01 Hand Cart
27:05 Gold Mining
27:05 Stone Mining
29:00 Pikeman
41:21 Gold Shaft Mining
41:21 Stone Shaft Mining
40:53 Horse Collar
43:34 Caravan
47:02 Imperial Age
45:01 Heavy Plow
46:08 Forging
46:03 Scale Barding Armor
46:23 Ballistics
46:52 Husbandry
47:02 Bloodlines
47:07 Heavy Scorpion
48:03 Siege Engineers
48:55 Double Crossbow
50:00 Conscription
49:41 Tusk Swords
50:28 Elite Battle Elephant
51:47 Iron Casting
51:49 Chain Barding Armor
54:17 Blast Furnace
53:52 Plate Barding Armor
Connection lost

Rejoining the realm…

Still unreachable

The connection could not be restored.

Session expired

The server has moved on; the page needs a fresh start.